Map: King's Cove LE

Players

gumiho - Winner!

  • Race: Terran Terran
  • Spawn Location: 5:00

Rogue

  • Race: Zerg Zerg
  • Spawn Location: 11:00

Event: IEM Season 13: Katowice (2019)

VOD

Have the link to the VOD?

Description

Time

  • Played on: March 1, 2019, 9:18 a.m.
  • Length: 20:25

All games in this series

Show
View Real Time Build Order
Export as new Build Order

gumiho Terran - Winner!

Build Orders: 2 Factory, Command Center First (CC), Mech 

Get SALT Encoding   

  12  0:00  SCV  
  13  0:12  SCV  
  14  0:18  Supply Depot  
  14  0:25  SCV  
  15  0:40  SCV  
  16  0:52  SCV  
  17  1:00  Command Center  
  17  1:04  SCV  
  18  1:14  Barracks  
  18  1:18  SCV  
  19  1:23  Refinery  
  19  1:30  SCV  
  19  1:32  Refinery  
  20  1:42  SCV  
  22  1:54  SCV  
  23  2:01  Reaper  
  23  2:06  Orbital Command  
  23  2:11  Orbital Command  
  23  2:19  Factory  
  23  2:31  SCV  
  23  2:35  Barracks Reactor  
  24  2:38  SCV  
  24  2:43  SCV  
  26  2:47  Factory  
  26  2:50  SCV  
  27  2:55  SCV  
  28  3:03  SCV, Supply Depot  
  29  3:07  SCV  
  29  3:10  Starport  
  31  3:20  Hellion x2  
  31  3:24  SCV x2  
  31  3:26  Barracks Tech Lab  
  32  3:36  SCV x2  
  38  3:41  Hellion x2  
  38  3:47  Medivac  
  38  3:48  Cyclone  
  43  3:49  SCV x2  
  43  3:52  Supply Depot  
  45  3:57  Supply Depot  
  45  4:02  SCV  
  46  4:03  Liberator  
  46  4:10  Barracks Tech Lab  
  46  4:11  Supply Depot  
  46  4:14  SCV x2  
  46  4:16  Hellion x2  
  55  4:26  SCV x2  
  57  4:38  SCV x2, Supply Depot  
  59  4:40  Hellion x2  
  63  4:49  Command Center  
  63  4:50  SCV  
  63  4:52  SCV  
  65  4:55  Mag-Field Accelerator  
  65  4:58  Refinery  
  65  5:07  SCV x2  
  65  5:09  Cyclone  
  65  5:11  Hellion x2  
  71  5:20  SCV x2  
  70  5:32  SCV x2  
  66  5:36  Command Center  
  66  5:41  Siege Tank  
  73  5:44  Banshee, SCV x2  
  73  5:49  Refinery  
  78  5:53  Supply Depot x2  
  78  5:54  Factory  
  78  5:56  SCV  
  75  6:01  SCV  
  76  6:10  SCV  
  77  6:14  SCV  
  77  6:15  Siege Tank  
  77  6:17  Supply Depot  
  81  6:22  SCV, Hellion x2  
  81  6:25  Refinery  
  86  6:26  SCV  
  86  6:27  Banshee  
  86  6:28  Refinery  
  86  6:31  Engineering Bay  
  82  6:34  SCV  
  82  6:38  Armory, SCV  
  82  6:39  Armory, Factory Tech Lab  
  84  6:45  Hellion x2  
  84  6:46  SCV  
  89  6:48  Orbital Command  
  89  6:50  SCV  
  90  6:58  SCV  
  90  6:59  Cyclone x2  
  97  7:02  SCV  
  98  7:10  SCV  
  98  7:14  SCV  
  98  7:15  SCV  
  101  7:22  SCV  
  93  7:26  SCV  
  93  7:27  SCV  
  93  7:29  Terran Vehicle And Ship Armor Level 1  
  88  7:30  Hellion x2  
  88  7:31  Cyclone x2  
  88  7:34  SCV  
  88  7:37  Factory x2  
  99  7:38  Missile Turret, SCV  
  99  7:39  Missile Turret, SCV  
  99  7:42  Missile Turret  
  101  7:46  SCV  
  101  7:50  SCV  
  103  7:51  SCV  
  106  7:58  Starport Reactor, SCV, Hellion x2  
  106  8:02  SCV  
  106  8:03  Siege Tank, Cyclone  
  112  8:11  Factory  
  112  8:12  Factory  
  102  8:20  Hellion  
  93  8:28  SCV x2  
  93  8:35  Siege Tank  
  93  8:36  Siege Tank  
  93  8:39  Liberator x2  
  89  8:45  SCV x2  
  87  8:53  Hellion x2  
  93  8:57  Hellion x4  
  93  8:59  SCV x2  
  97  9:02  Factory Tech Lab  
  97  9:03  Factory Tech Lab, Supply Depot  
  97  9:08  Siege Tank  
  100  9:11  SCV, Hellion  
  100  9:14  Hellion  
  104  9:19  SCV  
  104  9:23  SCV  
  106  9:26  Terran Vehicle And Ship Armor Level 2  
  106  9:32  Orbital Command, SCV  
  106  9:35  SCV  
  105  9:46  Refinery  
  105  9:48  Armory  
  105  9:49  Missile Turret, Refinery, SCV x2  
  107  10:02  SCV x3  
  107  10:03  Cyclone  
  113  10:08  Cyclone  
  113  10:12  Cyclone  
  119  10:18  SCV x3  
  122  10:24  Missile Turret  
  119  10:36  Command Center  
  108  10:45  Siege Tank x3  
  108  10:46  Siege Tank  
  95  10:51  SCV x2  
  95  10:53  Hellion  
  95  10:54  SCV, Hellion  
  100  11:03  SCV x2  
  102  11:05  Terran Vehicle Weapons Level 1  
  102  11:06  SCV  
  102  11:11  Factory  
  103  11:12  Factory  
  99  11:19  Cyclone, Hellion  
  99  11:21  SCV x2, Hellion x2  
  99  11:23  SCV  
  94  11:26  Cyclone  
  94  11:27  Hellion  
  94  11:33  SCV  
  94  11:34  SCV  
  94  11:35  SCV  
  94  11:44  Terran Vehicle And Ship Armor Level 3  
  94  11:50  SCV x2  
  96  11:54  Cyclone  
  96  11:56  Factory Tech Lab  
  96  11:57  Factory Tech Lab  
  96  11:58  Missile Turret  
  96  11:59  Factory Reactor  
  99  12:03  SCV x3  
  99  12:06  Hellion x2  
  106  12:10  Hellion  
  108  12:18  SCV x3  
  108  12:19  Cyclone  
  114  12:25  Medivac  
  114  12:27  Medivac  
  118  12:30  SCV x3  
  121  12:45  Cyclone x4  
  121  12:50  Supply Depot x2  
  133  12:51  SCV, Supply Depot  
  134  13:01  Cyclone  
  134  13:04  Planetary Fortress  
  137  13:08  Sensor Tower  
  137  13:12  Terran Vehicle Weapons Level 2  
  131  13:23  Cyclone  
  131  13:25  Hellion x5  
  131  13:26  Hellion x6  
  137  13:28  Cyclone  
  140  13:34  Missile Turret  
  140  13:35  Missile Turret  
  140  13:37  Cyclone  
  143  13:43  Cyclone  
  143  13:44  Cyclone  
  149  13:49  Refinery  
  149  13:50  Refinery  
  149  13:52  Supply Depot  
  149  13:53  Supply Depot  
  149  13:56  SCV x2  
  149  13:57  SCV  
  149  13:58  SCV, Supply Depot  
  153  14:05  Medivac x2  
  153  14:09  Infernal Pre-Igniter  
  157  14:20  Command Center  
  157  14:28  Cyclone x2  
  153  14:32  Cyclone x2  
  153  14:35  Cyclone  
  162  14:46  Missile Turret  
  162  14:47  Viking  
  162  14:51  Viking  
  166  15:00  Cyclone x2  
  172  15:08  Cyclone, Hellion x2  
  172  15:10  Cyclone  
  172  15:12  Cyclone  
  170  15:32  Cyclone x2  
  170  15:35  Hellion  
  176  15:40  Cyclone  
  176  15:42  Cyclone  
  172  15:45  Cyclone  
  172  15:47  Hellion  
  172  15:48  Hellion  
  176  15:53  Missile Turret  
  170  16:04  Cyclone, Medivac x2  
  170  16:07  Hellion x2  
  179  16:14  Siege Tank x2  
  179  16:15  Hellion  
  185  16:19  Cyclone  
  185  16:20  Hellion  
  185  16:24  Hellion  
  187  16:33  Hellion x2  
  187  16:36  Orbital Command, Hellion  
  193  16:43  Cyclone  
  196  16:47  Cyclone  
  199  16:56  Smart Servos  
  199  17:26  Orbital Command  
  192  17:53  Orbital Command  
  171  18:06  Cyclone x2  
  171  18:09  Hellion  
  171  18:10  Cyclone, Hellion  
  170  18:20  Supply Depot x2  
  170  18:22  Supply Depot x2  
  170  18:40  Hellion x2  
  170  18:41  Viking x2  
  170  18:42  Cyclone x2, Hellion x2  
  170  18:46  Cyclone x2  
  170  18:47  Hellion  
  171  18:55  Liberator x2  
  145  19:01  Hellion x2  
  149  19:03  Hellion x2  
  149  19:08  Cyclone  
  154  19:14  Cyclone x2  
  166  19:18  Cyclone  
  166  19:19  Hellion  
  166  19:23  Hellion  
  173  19:34  Hellion x2  
  173  19:36  Orbital Command  
  177  19:40  Cyclone x2  
  183  19:46  Cyclone x2  
  183  19:50  Cyclone  
  187  19:57  Hellion x2  
  187  19:58  Hellion  
Show
View Real Time Build Order
Export as new Build Order

Rogue Zerg 

Build Orders: Pool First, Swarm Host 

Get SALT Encoding   

  12  0:00  Drone  
  13  0:12  Overlord  
  13  0:17  Drone  
  14  0:31  Drone x2  
  14  0:35  Drone  
  17  0:45  Extractor, Drone  
  17  0:51  Spawning Pool  
  16  0:57  Drone  
  17  1:06  Drone  
  18  1:20  Hatchery  
  18  1:24  Drone  
  18  1:37  Queen  
  18  1:38  Zergling x2  
  21  1:42  Zergling x2  
  22  1:48  Metabolic Boost  
  22  1:55  Overlord  
  22  2:13  Queen, Drone x2  
  26  2:21  Drone  
  27  2:33  Queen  
  27  2:34  Drone x2  
  31  2:42  Overlord  
  31  2:44  Drone x2  
  31  2:47  Drone  
  31  2:49  Drone  
  35  2:53  Drone  
  36  3:07  Hatchery  
  36  3:10  Drone  
  36  3:11  Drone  
  37  3:13  Drone  
  38  3:20  Drone x2  
  38  3:23  Drone x2  
  38  3:26  Overlord  
  41  3:27  Drone  
  42  3:36  Drone  
  43  3:41  Roach Warren  
  43  3:44  Zergling x4  
  43  3:45  Queen  
  46  3:50  Zergling x4  
  46  3:54  Drone x3  
  51  3:58  Overlord  
  51  4:02  Overlord  
  51  4:05  Lair  
  51  4:18  Drone  
  51  4:19  Drone x7  
  51  4:22  Queen  
  61  4:28  Zergling x4  
  63  4:32  Drone, Spore Crawler  
  63  4:36  Overlord  
  63  4:40  Drone  
  63  4:41  Spore Crawler  
  63  4:43  Roach  
  65  4:45  Overlord  
  65  4:55  Extractor x2  
  65  4:56  Roach x3  
  65  4:57  Roach x2  
  73  5:04  Drone  
  73  5:05  Drone x2  
  73  5:06  Drone x5  
  75  5:12  Drone x2  
  75  5:13  Drone  
  77  5:16  Drone  
  72  5:22  Drone x2  
  72  5:23  Drone  
  72  5:28  Drone  
  69  5:36  Drone x2  
  69  5:37  Drone x6  
  69  5:42  Overlord  
  76  5:43  Drone  
  76  5:46  Drone  
  76  5:47  Glial Reconstitution  
  78  5:53  Overlord  
  78  5:54  Drone  
  78  5:55  Extractor  
  78  5:56  Roach  
  78  5:57  Extractor, Overlord  
  79  6:02  Overlord  
  79  6:04  Roach  
  81  6:10  Drone  
  81  6:11  Roach x4  
  90  6:14  Drone x3  
  93  6:21  Roach x2  
  93  6:34  Overseer  
  93  6:38  Roach x2, Nydus Network  
  93  6:39  Roach  
  98  6:42  Roach x2  
  98  6:43  Extractor  
  98  6:44  Zergling x12  
  107  6:47  Roach  
  107  6:48  Roach  
  107  6:51  Roach  
  113  6:58  Overlord  
  113  6:59  Overlord  
  113  7:13  Overlord  
  109  7:18  Roach x9  
  109  7:19  Roach  
  109  7:22  Roach  
  122  7:27  Roach  
  122  7:29  Roach  
  106  7:31  Roach  
  106  7:35  Roach x3  
  113  7:41  Nydus Canal  
  113  7:44  Roach x3  
  119  7:46  Roach  
  119  7:49  Roach x2  
  125  7:55  Roach x2  
  129  7:59  Overlord  
  129  8:02  Roach x3  
  129  8:05  Roach  
  137  8:11  Roach x2  
  137  8:12  Roach  
  137  8:15  Nydus Canal  
  127  8:21  Roach  
  127  8:22  Roach x3  
  127  8:25  Roach  
  127  8:26  Roach x2  
  129  8:30  Roach  
  129  8:35  Roach  
  129  8:36  Roach x2  
  129  8:37  Roach  
  125  8:45  Roach x4  
  125  8:48  Drone x2  
  127  8:51  Ravager x5  
  130  8:57  Drone  
  130  8:58  Drone x2  
  130  9:01  Evolution Chamber  
  130  9:02  Evolution Chamber  
  131  9:09  Drone x7  
  138  9:23  Infestation Pit  
  137  9:24  Drone  
  137  9:30  Hatchery  
  131  9:34  Drone  
  131  9:35  Drone x3  
  131  9:40  Drone x2  
  131  9:44  Overlord  
  131  9:45  Burrow  
  133  9:46  Zerg Missile Weapons Level 1, Zerg Ground Armor Level 1  
  133  9:55  Overseer  
  133  9:56  Pneumatized Carapace  
  133  10:04  Roach x5  
  133  10:07  Overlord, Hatchery  
  143  10:12  Drone  
  141  10:17  Overseer  
  141  10:18  Overlord  
  139  10:29  Hive  
  139  10:31  Roach x3  
  139  10:33  Overlord  
  139  10:34  Overlord x2  
  143  10:36  Drone  
  140  10:45  Drone x7  
  140  10:48  Drone  
  140  10:49  Drone  
  142  10:52  Drone x3  
  142  10:54  Drone  
  144  11:01  Drone x6  
  150  11:06  Drone x2  
  131  11:24  Drone  
  131  11:25  Drone  
  120  11:28  Hatchery  
  88  11:34  Hydralisk Den  
  88  11:35  Roach x8  
  99  11:40  Viper  
  99  11:41  Viper x2  
  99  11:43  Viper  
  109  11:48  Roach  
  109  11:50  Zerg Missile Weapons Level 2  
  109  11:51  Zerg Ground Armor Level 2  
  109  11:54  Overseer  
  112  11:58  Extractor x2, Drone x3  
  113  12:03  Drone  
  113  12:06  Roach x5  
  124  12:13  Roach x4  
  132  12:16  Spore Crawler  
  132  12:17  Spore Crawler  
  132  12:19  Drone x2  
  132  12:20  Drone  
  133  12:25  Drone x4  
  133  12:26  Overseer  
  137  12:32  Nydus Canal  
  137  12:35  Roach x4  
  137  12:36  Ravager x4  
  149  12:43  Overlord  
  149  12:48  Roach  
  149  12:49  Roach x5  
  161  12:53  Drone x2  
  161  12:57  Roach x3  
  169  13:01  Overlord x2  
  167  13:07  Overlord  
  167  13:21  Swarm Host  
  167  13:22  Swarm Host x6  
  188  13:29  Swarm Host  
  188  13:30  Swarm Host x2  
  197  13:34  Spire  
  197  13:35  Hatchery  
  197  13:36  Swarm Host  
  197  13:38  Overlord  
  198  13:44  Spine Crawler  
  198  13:45  Overseer, Spine Crawler  
  196  13:50  Spore Crawler  
  196  13:51  Spore Crawler  
  194  13:58  Swarm Host x2  
  200  14:13  Spore Crawler  
  200  14:14  Overlord  
  199  14:19  Nydus Canal  
  199  14:28  Overlord  
  199  14:29  Zerg Ground Armor Level 3, Zerg Missile Weapons Level 3  
  199  14:30  Overlord  
  199  14:45  Nydus Canal  
  199  14:49  Zerg Flyer Weapons Level 1  
  199  15:05  Overlord  
  197  15:14  Roach  
  193  15:23  Roach  
  193  15:24  Roach x2  
  199  15:33  Roach x8  
  187  15:46  Swarm Host x3  
  187  15:47  Overlord  
  196  15:56  Overlord  
  192  16:05  Spore Crawler  
  192  16:06  Roach x4, Spore Crawler  
  192  16:07  Roach  
  192  16:11  Viper x2  
  192  16:25  Roach x11  
  186  16:35  Roach x7  
  200  16:42  Hatchery  
  199  16:55  Evolution Chamber x2  
  199  16:58  Evolution Chamber  
  196  17:05  Nydus Canal  
  196  17:07  Hatchery  
  195  17:13  Roach x2  
  199  17:16  Zerg Flyer Weapons Level 2, Zerg Melee Weapons Level 1  
  199  17:24  Nydus Canal  
  175  17:31  Roach x7  
  175  17:32  Roach x7  
  200  17:38  Overlord  
  200  17:58  Roach x5  
  200  17:59  Overlord  
  170  18:08  Roach x17  
  170  18:09  Roach x8  
  180  18:20  Roach x8  
  180  18:24  Roach x4  
  180  18:25  Roach  
  197  18:29  Overlord  
  191  18:35  Overlord  
  191  18:39  Overlord  
  191  18:40  Hatchery  
  178  18:45  Roach x9  
  166  18:50  Roach x2  
  166  18:51  Roach x3  
  166  18:54  Roach  
  166  18:59  Roach x2  
  167  19:03  Roach  
  167  19:04  Roach x3  
  175  19:10  Drone x9  
  175  19:11  Hatchery  
  175  19:14  Viper  
  186  19:18  Viper x2  
  186  19:19  Viper  
  194  19:34  Overlord  
  194  19:37  Hatchery  
  190  19:40  Overlord  
  190  19:43  Hatchery  
  190  19:45  Overlord  
  189  19:48  Overlord  
  189  20:03  Ravager  
  189  20:04  Ravager x6  
  189  20:05  Roach, Evolution Chamber  
  189  20:06  Roach  
  197  20:07  Evolution Chamber  

Tags
 
Add a new tag
Caveats
  • Supply blocks, unpowered buildings, or Contaminate may cause inaccurate times.
  • Supply counts are checked every 10 seconds.